 Dungeon Crawl Stone Soup version 0.19.1-1-g22dce08 (webtiles) character file.

44 bombpersons the Magician (level 3, -1/19 HPs)
             Began as a Deep Elf Wizard on Dec 28, 2016.
             Slain by a quokka (3 damage)
             ... on level 2 of the Dungeon.
             The game lasted 00:08:21 (1494 turns).

bombpersons the Magician (Deep Elf Wizard)          Turns: 1494, Time: 00:08:22

Health: -1/19      AC:  2    Str:  4    XL:     3   Next: 41%
Magic:  2/12       EV: 13    Int: 23    God:
Gold:   54         SH:  0    Dex: 13    Spells: 5 memorised, 3 levels left

rFire  . . .     SeeInvis .     h - +0 mace
rCold  . . .     Gourm    .     a - +0 robe
rNeg   . . .     Faith    .     (no shield)
rPois  .         Spirit   .     b - +0 hat
rElec  .         Reflect  .     (no cloak)
rCorr  .         Harm     .     (no gloves)
MR     .....                    (no boots)
Stlth  ++........               (no amulet)
                                (no ring)
                                (no ring)

@: no status effects
A: no striking features
a: no special abilities


You were on level 2 of the Dungeon.
You were not hungry.

You visited 1 branch of the dungeon, and saw 2 of its levels.

You collected 54 gold pieces.

Inventory:

Hand Weapons
 f - a cursed -1 dagger
 h - a +0 mace (weapon)
 j - a +2 whip of venom
Missiles
 i - 6 javelins (quivered)
Armour
 a - a +0 robe (worn)
 b - a +0 hat (worn)
Scrolls
 d - a scroll of enchant weapon {unknown}
Potions
 e - 2 potions of curing {unknown}
 g - 2 potions of beneficial mutation {unknown}
 k - 2 potions of heal wounds {unknown}
Books
 c - a book of Minor Magic

   Spells                             Type                      Level
   a - Magic Dart                     Conjuration                  1
   b - Blink                          Translocation                2
   c - Call Imp                       Summoning                    2
   d - Repel Missiles                 Charms/Air                   2
   e - Slow                           Hexes                        2
   f - Conjure Flame                  Conjuration/Fire             3
   g - Mephitic Cloud                 Conjuration/Poison/Air       3


   Skills:
 - Level 2.4 Dodging
 - Level 2.4 Stealth
 + Level 6.3 Spellcasting
 - Level 1.1 Conjurations
   Level 1.1 Summonings
 - Level 1.1 Translocations


You had 3 spell levels left.
You knew the following spells:

 Your Spells              Type           Power        Failure   Level  Hunger
a - Magic Dart            Conj           ##..         6%          1    None
b - Blink                 Tloc           N/A          10%         2    None
c - Slow                  Hex            #.......     14%         2    None
d - Mephitic Cloud        Conj/Pois/Air  #.......     24%         3    #......
e - Conjure Flame         Conj/Fire      #.......     21%         3    #......


Dungeon Overview and Level Annotations

Branches:
Dungeon (2/15)

Altars:


Message History

You closely miss the goblin.
The adder bites the goblin.
The goblin is killed!
The quokka barely misses you.
The quokka bites you but does no damage.
You barely miss the adder.
The adder is almost dead.
The quokka misses you.
The quokka bites you but does no damage.
You hit the adder.
You kill the adder!
The quokka misses you.
Your magical contamination has completely faded away.
The quokka bites you.
* * * LOW HITPOINT WARNING * * *
The quokka bites you.
* * * LOW HITPOINT WARNING * * *
You see here a dart slug corpse.
There is a stone staircase leading up here.
The quokka bites you.
You die...

. .. ... .... ...(.
......####
.......@r### #
......##..w####....
##### ###)........
####...... .=...
.... ... .. .


You could see a dart slug and a quokka.

Vanquished Creatures
  An adder (D:2)
  2 dart slugs
  A leopard gecko (D:1)
  5 goblins
  5 hobgoblins (D:1)
  2 jackals (D:1)
  A ball python (D:2)
  4 bats (D:1)
  5 frilled lizards (D:1)
  3 kobolds
  4 rats (D:1)
33 creatures vanquished.

Notes
Turn   | Place    | Note
-------+----------+-------------------------------------------
     0 | D:1      | bombpersons the Deep Elf Wizard began the quest for the Orb.
     0 | D:1      | Reached XP level 1. HP: 10/10 MP: 7/7
   108 | D:1      | Reached skill level 5 in Spellcasting
   190 | D:1      | Reached XP level 2. HP: 7/15 MP: 5/10
  1178 | D:1      | Reached XP level 3. HP: 19/19 MP: 9/12
  1192 | D:1      | Learned a level 2 spell: Blink
  1195 | D:1      | Learned a level 2 spell: Slow
  1199 | D:1      | Learned a level 3 spell: Mephitic Cloud
  1203 | D:1      | Learned a level 3 spell: Conjure Flame
  1475 | D:2      | Reached skill level 6 in Spellcasting
  1494 | D:2      | Slain by a quokka

Skill      XL: |  1  2  3 |
---------------+----------+-----
Spellcasting   | 5 6 |  6.3
Dodging        | |  2.4
Stealth        | |  2.4
Conjurations   | |  1.1
Summonings     | |  1.1
Translocations | |  1.1

Action                   || total
-------------------------++-------
Melee: Mace              ||    30
Throw: Javelin           ||     2
 Cast: Magic Dart        ||    55
       Mephitic Cloud    ||     1
  Use: Scroll            ||     1
  Eat: Bread ration      ||     1
Armor: Robe              ||    10
Dodge: Dodged            ||    46
